General information
			
			
        
        - name: BNet
 
        - type: Ladder 1vs1/FFA
 
        - host: Battle.net
 
        - saver: HugeBalls
 
        
map: LostTemple 
        - players: 2
 
        - length: 21:02
 
        - speed: Fast
 - version: 1.22 W3XP
 - replay type:  Public
 
» download(129 KB)
Players
        team 1 (winner) 
              
              
HugeBalls (
green | 238 APM | 5008 actions | 21:02)
              
 5 Archmage 
 3 Summon Water Elemental
 2 Brilliance Aura
 4 Mountain King 
 2 Storm Bolt
 2 Bash
 3 Paladin 
 2 Holy Light
 1 Divine Shield
 
                » actions 
                
                | Assign group hotkey | 168 |  | 
| Basic commands | 779 |  | 
| Build / train | 98 |  | 
| Enter build submenu | 32 |  | 
| Enter hero's abilities submenu | 12 |  | 
| Give item / drop item | 2 |  | 
| Remove unit from queue | 4 |  | 
| Right click | 1813 |  | 
| Select / deselect | 643 |  | 
| Select group hotkey | 1323 |  | 
| Use ability | 134 |  | 
                5008 total
 » units 
                
                | Peasant | 22 |  | 
| Footman | 12 |  | 
| Spell Breaker | 2 |  | 
| Knight | 7 |  | 
| Mortar Team | 8 |  | 
| Priest | 4 |  | 
                55 total
 » upgrades
                
                | Lumber Harvesting | 1 |  | 
| Priest Training | 2 |  | 
| Plating | 3 |  | 
| Swords | 2 |  | 
| Animal War Training | 1 |  | 
| Fragmentation Shards | 1 |  | 
| Flare | 1 |  | 
                11 total
 » buildings
                
                | Farm | 13 |  | 
| Altar of Kings | 1 |  | 
| Barracks | 1 |  | 
| Town Hall | 1 |  | 
| Scout Tower | 3 |  | 
| Keep | 2 |  | 
| Lumber Mill | 1 |  | 
| Arcane Tower | 1 |  | 
| Arcane Vault | 1 |  | 
| Castle | 1 |  | 
| Blacksmith | 1 |  | 
| Arcane Sanctum | 2 |  | 
| Workshop | 1 |  | 
| Gryphon Aviary | 3 |  | 
                32 total
 » build order
                00:04 Farm
00:06 Altar of Kings
00:19 Farm
00:23 Barracks
01:36 Farm
03:11 Town Hall
03:48 Scout Tower
03:54 Farm
05:08 Keep
05:08 Keep
05:33 Farm
05:35 Scout Tower
05:41 Lumber Mill
05:48 Farm
06:16 Scout Tower
06:18 Arcane Tower
07:44 Arcane Vault
07:45 Castle
07:53 Blacksmith
08:21 Arcane Sanctum
08:23 Arcane Sanctum
09:23 Workshop
10:22 Farm
10:24 Farm
12:24 Farm
12:45 Farm
12:46 Farm
15:11 Farm
19:54 Farm
19:55 Gryphon Aviary
19:57 Gryphon Aviary
19:59 Gryphon Aviary
» items
                
                | Lesser Clarity Potion | 1 |  | 
| Scroll of Town Portal | 3 |  | 
| Scroll of Regeneration | 3 |  | 
| Staff of Sanctuary | 1 |  | 
                8 total
  
               team 2 (loser) 
              
              
ssibalhuman (
orange | 252 APM | 5290 actions | 21:01)
              
 4 Archmage 
 2 Summon Water Elemental
 2 Brilliance Aura
 3 Mountain King 
 2 Storm Bolt
 1 Bash
 2 Paladin 
 1 Holy Light
 1 Divine Shield
 
                » actions 
                
                | Assign group hotkey | 128 |  | 
| Basic commands | 304 |  | 
| Build / train | 122 |  | 
| ESC pressed | 4 |  | 
| Enter build submenu | 41 |  | 
| Enter hero's abilities submenu | 9 |  | 
| Give item / drop item | 1 |  | 
| Right click | 1034 |  | 
| Select / deselect | 1579 |  | 
| Select group hotkey | 1810 |  | 
| Use ability | 255 |  | 
                5290 total
 » units 
                
                | Peasant | 33 |  | 
| Footman | 5 |  | 
| Priest | 7 |  | 
| Spell Breaker | 7 |  | 
| Knight | 7 |  | 
| Gryphon Rider | 2 |  | 
                61 total
 » upgrades
                
                | Priest Training | 1 |  | 
| Lumber Harvesting | 1 |  | 
| Animal War Training | 1 |  | 
| Storm Hammers | 1 |  | 
                4 total
 » buildings
                
                | Altar of Kings | 1 |  | 
| Farm | 15 |  | 
| Barracks | 1 |  | 
| Lumber Mill | 1 |  | 
| Scout Tower | 7 |  | 
| Keep | 3 |  | 
| Arcane Vault | 1 |  | 
| Town Hall | 1 |  | 
| Arcane Tower | 4 |  | 
| Guard Tower | 4 |  | 
| Arcane Sanctum | 2 |  | 
| Castle | 3 |  | 
| Blacksmith | 1 |  | 
| Gryphon Aviary | 2 |  | 
                46 total
 » build order
                00:06 Altar of Kings
00:19 Farm
00:35 Barracks
00:57 Farm
01:34 Farm
02:18 Farm
02:49 Lumber Mill
03:00 Scout Tower
03:47 Keep
03:47 Keep
03:47 Keep
04:25 Arcane Vault
05:31 Farm
05:33 Farm
06:00 Scout Tower
06:12 Scout Tower
06:13 Town Hall
06:41 Arcane Tower
06:41 Arcane Tower
06:42 Guard Tower
07:20 Arcane Sanctum
07:51 Castle
07:51 Castle
07:56 Farm
07:59 Scout Tower
08:19 Farm
08:34 Arcane Tower
08:35 Scout Tower
08:39 Arcane Sanctum
08:42 Blacksmith
08:50 Farm
09:09 Guard Tower
09:10 Scout Tower
09:28 Farm
09:44 Guard Tower
09:46 Scout Tower
10:08 Farm
10:20 Guard Tower
14:12 Farm
15:10 Gryphon Aviary
17:49 Farm
18:18 Gryphon Aviary
18:58 Farm
18:59 Farm
» items
                
                | Scroll of Regeneration | 3 |  | 
| Lesser Clarity Potion | 2 |  | 
| Potion of Lesser Invulnerability | 1 |  | 
| Potion of Healing | 1 |  | 
| Scroll of Town Portal | 1 |  | 
                8 total
  
                Chat log
          (00:13 / All) ssibalhuman: gl hf
(20:59 / All) ssibalhuman: gg